 Dungeon Crawl Stone Soup version 0.18-a0-1542-g9c1a92e (webtiles) character file.

592 namelastname112 the Martial Artist (level 7, 57/57 HPs)
             Began as a Mottled Draconian Monk on Mar 10, 2016.
             Quit the game on level 5 of the Dungeon.
             The game lasted 00:03:31 (3248 turns).

namelastname112 the Martial Artist (DrMo)           Turns: 3248, Time: 00:03:31

Health: 57/57      AC:  9    Str: 13    XL:     7   Next: 16%
Magic:  7/7        EV: 13    Int: 10    God:
Gold:   256        SH:  0    Dex: 16    Spells: 0 memorised, 6 levels left

rFire  . . .     SeeInvis .       - Unarmed
rCold  . . .     Gourm    .     (armour unavailable)
rNeg   . . .     Faith    .     (no shield)
rPois  .         Spirit   .     (helmet restricted)
rElec  .         Dismiss  .     (no cloak)
rCorr  .         Reflect  .     p - +0 pair of gloves
SustAt .         Harm     .     (no boots)
MR     .....                    (no amulet)
Stlth  ++........               o - +2 ring of protection
                                r - +3 ring of slaying

@: not resistant to hostile enchantments, unstealthy
A: breathe sticky flame splash, unfitting armour, cold-blooded, AC +6
a: Breathe Sticky Flame


You were on level 5 of the Dungeon.
You were very hungry.

You visited 1 branch of the dungeon, and saw 5 of its levels.

You collected 256 gold pieces.

Inventory:

Armour
 p - a +0 pair of gloves (worn)
Jewellery
 o - a +2 ring of protection (right hand)
 q - an uncursed ring of protection from fire
 r - a +3 ring of slaying (left hand)
Wands
 s - a wand of disintegration (3/24)
 v - a wand of hasting (1/9)
Scrolls
 b - 2 scrolls of fog {unknown}
 c - 4 scrolls of random uselessness {unknown}
 d - a scroll of enchant armour {unknown}
 f - 2 scrolls of blinking {unknown}
 g - a scroll of remove curse {unknown}
 h - 2 scrolls of magic mapping {unknown}
 k - a scroll of identify {unknown}
 u - a scroll of recharging {unknown}
Potions
 e - a potion of degeneration {unknown}
 j - 2 potions of brilliance {unknown}
 l - 4 potions of might {unknown}
 n - a potion of lignification {unknown}
 w - a potion of heal wounds
 x - a potion of cure mutation {unknown}
Books
 t - a book of the Warp

   Spells                             Type                      Level
   a - Recall                         Summoning/Translocation      3
   b - Gell's Gravitas                Hexes/Translocation          3
   c - Force Lance                    Conjuration/Translocation    4
   d - Warp Weapon                    Charms/Translocation         5
   e - Summon Forest                  Summoning/Translocation      5
Comestibles
 a - a bread ration
 i - a slice of pizza
 m - 4 fruits


   Skills:
 - Level 3.2 Fighting
 - Level 2.6 Dodging
 - Level 1.7 Stealth
 + Level 8.8 Unarmed Combat


You had 6 spell levels left.
You didn't know any spells.

Dungeon Overview and Level Annotations

Branches:
Dungeon (5/15)
 Temple: D:4-7

Altars:
Elyvilon
Yredelemnul


Innate Abilities, Weirdness & Mutations

You can spit globs of burning liquid.
You can ignite nearby creatures when you spit burning liquid.
Your weird mottled scales are hard (AC +6).
Your body does not fit into most forms of armour.
You are cold-blooded and may be slowed by cold attacks.


Message History

Eustachio hits you but does no damage.
The iron imp hits you but does no damage.
You hit Eustachio.
You kill Eustachio!
You have reached level 7!
Your scales start taking on a weird mottled colour.
You learn Fire Magic quicker.
You can spit globs of burning liquid.
You can ignite nearby creatures when you spit burning liquid.
The iron imp disappears in a puff of smoke! x2
You start resting.
You are feeling very hungry.
Things that are here:
a rapier; a leather armour You start resting.
HP restored.
There isn't anything to butcher here.
Are you sure you want to abandon this character and quit the game? (Confirm with "yes".)
Okay, then.
Unknown command.
Are you sure you want to abandon this character and quit the game? (Confirm with "yes".)

>##..# ###
.....# ##.#
.....########.##
..............#
......#####...##
.....## ##...#
......# #....##
.[...## #..#..##
....## #.####@##
.<..######..
##.##
............
##.#
.....####### #.#
###### #.# #.#
#.# #.# #.#


There were no monsters in sight!

Vanquished Creatures
  Eustachio (D:5)
  Edmund (D:4)
  A water moccasin skeleton (D:4)
  A jelly (D:3)
  Natasha (twice) (D:4)
  A worker ant (D:4)
  A hound skeleton (D:4)
  12 adders
  2 dart slugs
  3 giant geckos
  3 orcs (D:2)
  2 gnoll zombies (D:3)
  5 goblins
  7 hobgoblins
  2 quokkas (D:3)
  3 ball pythons
  3 bats
  6 giant newts
  7 kobolds
  8 rats
71 creatures vanquished.

Notes
Turn   | Place    | Note
--------------------------------------------------------------
     0 | D:1      | namelastname112 the Draconian Monk began the quest for the Orb.
     0 | D:1      | Reached XP level 1. HP: 19/19 MP: 1/1
   279 | D:1      | Reached XP level 2. HP: 26/26 MP: 2/2
   712 | D:2      | Found a white marble altar of Elyvilon.
   717 | D:2      | Reached skill level 5 in Unarmed Combat
   717 | D:2      | Reached XP level 3. HP: 31/31 MP: 3/3
  1291 | D:2      | Reached XP level 4. HP: 22/38 MP: 4/4
  1651 | D:3      | Reached skill level 6 in Unarmed Combat
  1867 | D:3      | Reached XP level 5. HP: 39/45 MP: 5/5
  2023 | D:3      | Found a faded altar to an unknown god.
  2144 | D:3      | Found a basalt altar of Yredelemnul.
  2445 | D:4      | Reached skill level 7 in Unarmed Combat
  2497 | D:4      | Noticed Edmund
  2507 | D:4      | Killed Edmund
  2507 | D:4      | Reached XP level 6. HP: 20/51 MP: 6/6
  2953 | D:4      | Noticed Natasha
  2961 | D:4      | Killed Natasha
  2961 | D:4      | Reached skill level 8 in Unarmed Combat
  2989 | D:4      | Noticed Natasha
  2994 | D:4      | Killed Natasha
  3064 | D:5      | Entered Level 5 of the Dungeon
  3092 | D:5      | Noticed Eustachio
  3109 | D:5      | Killed Eustachio
  3109 | D:5      | Your scales start taking on a weird mottled colour.
  3109 | D:5      | Reached XP level 7. HP: 30/57 MP: 7/7
  3248 | D:5      | Quit the game

Vault maps used:
D:1:      elethiomel_arrival_infinity_welcomes_careful_drivers, eino_curves_04
D:2:      overflow_temple_1_default, guppyfry_early_orc_mine
D:3:      lemuel_zombie_altar_yredelemnul, ecumenical_altar_1
D:4:      serial_bayou_pond_b, st_stairs_7,
          hangedman_abyss_or_decor_lesser_grid, uniq_edmund, uniq_natasha
D:5:      bloody_trog, first_bread, uniq_eustachio, uniq_duvessa, uniq_pikel

Skill      XL: |  1  2  3  4  5  6 |
---------------+-------------------+-----
Unarmed Combat | 5 6 7 8 |  8.8
Fighting       | |  3.2
Dodging        | |  2.6
Stealth        | |  1.7

Action                   |  1- 3 |  4- 6 |  7- 9 || total
-------------------------+-------+-------+-------++-------
Melee: Unarmed           |   100 |   114 |       ||   214
Evoke: Wand              |       |     3 |       ||     3
 Stab: Sleeping          |     3 |     7 |       ||    10
       Distracted        |       |     1 |       ||     1
  Eat: Chunk             |     1 |     5 |       ||     6
